AoeStats
← BottleDry

Pilgrims

508548499Analyzed
4v4 RM · 8d ago on Sep 23, 2026· 27m 48s· 8 players
Game mode
Random Map
Map size
Large (8 player)
Population
200
Speed
Normal
Resources
Standard
Victory
Conquest
Starting age
Dark Age
Ending age
Imperial Age
RankedLock teamsTeams togetherTeam positionsShared explorationLock speedFull tech treeHidden civsTurbo modeCheats
Victory
Defeat
🇺🇸 Varangians · United States
1022
+14
🇺🇸 Magyars · United States
1021
+14
🇦🇷 Bohemians · Argentina
995
+15
🇪🇸 Sicilians · Spain
958
+18
🇲🇽 Khmer · Mexico
995
-16
🇵🇪 Gurjaras · Peru
985
-15
🇺🇸 Japanese · United States
982
-15
🇨🇴 Vikings · Colombia
973
-15
WololoJedi
14:27 Feudal Age
12:43 Loom
15:34 Man-at-Arms
15:59 Arson
16:26 Fletching
16:36 Padded Archer Armor
19:37 Double-Bit Axe
28:24 Castle Age
26:30 Stone Mining
dafr1997
3:42 Loom
11:59 Feudal Age
14:09 Bloodlines
16:33 Forging
16:28 Scale Barding Armor
22:36 Castle Age
22:21 Double-Bit Axe
23:34 Padded Archer Armor
24:50 Wheelbarrow
24:32 Town Watch
BottleDry
3:27 Loom
12:45 Feudal Age
13:36 Double-Bit Axe
19:10 Horse Collar
21:21 Fletching
24:38 Castle Age
25:31 Bodkin Arrow
26:50 Scale Mail Armor
26:38 Gambesons
26:54 Squires
26:40 Arson
Gerar1309
5:07 Loom
12:33 Feudal Age
17:17 Town Watch
20:09 Castle Age
19:54 Stone Mining
21:38 Fletching
21:45 Double-Bit Axe
22:20 Medium Warships
22:26 Medium Warships
22:53 Careening
22:54 Clinker Construction
23:27 Bodkin Arrow
27:34 Imperial Age
24:59 Gold Mining
26:24 Fishing Lines
Teliot
5:16 Loom
16:31 Feudal Age
17:51 Wheelbarrow
19:25 Double-Bit Axe
21:12 Horse Collar
28:54 Castle Age
SigmaGoon18
12:26 Feudal Age
12:52 Double-Bit Axe
14:37 Wheelbarrow
17:53 Castle Age
18:14 Gold Mining
19:46 Fletching
19:57 Padded Archer Armor
26:19 Bodkin Arrow
NathiousEsp
3:37 Loom
12:02 Feudal Age
14:43 Wheelbarrow
13:51 Fishing Lines
23:50 Castle Age
25:29 Stone Mining
27:41 Gillnets
NoScream
12:21 Feudal Age
16:53 Castle Age
16:52 Double-Bit Axe
20:44 Wheelbarrow
22:16 Hand Cart
Connection lost

Rejoining the realm…

Still unreachable

The connection could not be restored.

Session expired

The server has moved on; the page needs a fresh start.